 Dungeon Crawl Stone Soup version 0.29.1-2-gbd0b4ee654 (webtiles) character file.

Game seed: 5175199121361079591

150 xian the Trooper (level 5, -1/50 HPs)
             Began as a Hill Orc Wanderer on Nov 22, 2022.
             Slain by a small abomination (11 damage)
             ... on level 1 of the Abyss.
             The game lasted 00:13:55 (3294 turns).

xian the Trooper (Hill Orc Wanderer)                Turns: 3294, Time: 00:13:55

Health: -1/50      AC: 10    Str: 32      XL:     5   Next: 32%
Magic:  5/5        EV:  9    Int:  9      God:
Gold:   111        SH:  0    Dex:  8 (9)  Spells: 4/4 levels left

rFire   . . .      SeeInvis .   a - +3 spear
rCold   . . .      Faith    +   (no shield)
rNeg    . . .      Spirit   .   s - +1 chain mail of Noughts and Crosses {Str+5}
rPois   .          Reflect  .   (no helmet)
rElec   .          Harm     .   b - +0 cloak
rCorr   .          Rampage  .   (no gloves)
Will    .....                   (no boots)
Stlth   ..........              v - amulet of faith
HPRegen 0.16/turn               k - ring of flight
MPRegen 0.09/turn               x - +6 ring of strength

@: mighty, silenced, attractive, flying
A: no striking features
a: no special abilities


You were on level 1 of the Abyss.
You visited 1 branch of the dungeon, and saw 4 of its levels.
You visited the Abyss 1 time.

You collected 111 gold pieces.

Inventory:

Hand Weapons
 a - a +3 spear (weapon)
Missiles
 i - 7 poisoned darts (quivered)
 r - 3 boomerangs
Armour
 b - a +0 cloak (worn)
 s - the +1 chain mail of Noughts and Crosses (worn) {Str+5}
   (You found it on level 2 of the Dungeon)

   Str:       It affects your strength (+5).
Jewellery
 k - a ring of flight (left hand)
 v - an amulet of faith (around neck)
 x - a +6 ring of strength (right hand)
Wands
 y - a wand of roots (7)
Scrolls
 c - a scroll of vulnerability
 e - 2 scrolls of blinking
 g - 3 scrolls of fog
 h - a scroll of fear {unknown}
 n - a scroll of teleportation {unknown}
 p - a scroll of torment
 q - a scroll of noise {unknown}
 t - a scroll of magic mapping {unknown}
 u - a scroll of poison {unknown}
 B - a scroll of enchant weapon
Potions
 f - a potion of attraction
 w - a potion of flight {unknown}
 A - a potion of lignification {unknown}


   Skills:
 + Level 5.9 Fighting
 + Level 4.7 Polearms
 + Level 2.0 Armour
 + Level 2.0 Dodging
 + Level 0.3 Stealth
 + Level 1.0 Evocations


You had 4 spell levels left.
You didn't know any spells.
Your spell library contained the following spells:

 Spells                   Type           Power      Damage    Failure   Level
 Confusing Touch          Hex            0%         N/A       99%         3
 Yara's Violent Unravell  Hex/Tmut       0%         3d3       100%        5
 Enfeeble                 Hex            0%         N/A       100%        7


Dungeon Overview and Level Annotations

Branches:
Dungeon (4/15)
 Temple: D:4-7

Altars:
Xom
The Shining One


Message History

The quasit is attracted toward you.
The flying skull is attracted toward you.
It was a potion of might.
You feel very mighty all of a sudden.
The thrashing horror closely misses you.
The thrashing horror barely misses you. The small abomination hits you.
* * * LOW HITPOINT WARNING * * *
The flying skull hits you.
* * * LOW HITPOINT WARNING * * *
The small abomination closely misses you.
The flying skull hits you but does no damage.
The thrashing horror is attracted toward you.
The flying skull is attracted toward you.
You feel much better.
The thrashing horror closely misses you.
The thrashing horror barely misses you. The quasit bites you.
The quasit claws you but does no damage.
The quasit barely misses you. The small abomination hits you.
The flying skull hits you but does no damage.
The thrashing horror is attracted toward you.
It was a potion of magic.
Magic courses through your body.
The thrashing horror tramples you but does no damage.
The thrashing horror closely misses you.
The quasit closely misses you.
The quasit claws you but does no damage.
The quasit closely misses you. The flying skull completely misses you.
The small abomination hits you.
* * * LOW HITPOINT WARNING * * *
The quasit closely misses you. The quasit barely misses you. x2
It was a potion of curing.
You feel better.
The small abomination closely misses you.
The thrashing horror tramples you but does no damage.
The thrashing horror tramples you.
You hold your ground!
The flying skull hits you.
* * * LOW HITPOINT WARNING * * *
The flying skull barely misses you.
The quasit bites you but does no damage.
The quasit claws you but does no damage.
The quasit closely misses you. The small abomination hits you!
You die...

## . ### # .. ## #.. ##
# .#.####. ....# #..
#...#... #.####...#.
....#. .##..###5.#§.....
#.......#.#...zx@z#####.
#.#... .##.....#zX......
.. .z..........####.. .
§. .. ##.###.#........
.......#.## ###.######.
. # # ### #.# ..# #.# #
# #.# . #.


You could see a thrashing horror (unsilenced), a small abomination, 3 flying
skulls and a quasit.

Vanquished Creatures
  A gnoll (D:4)
  Robin (D:2)
  5 adders
  A white imp (D:3)
  2 worms
  3 dart slugs
  4 ball pythons
  4 bats
  8 endoplasms
  12 goblins
  5 hobgoblins
  3 jackals (D:4)
  5 kobolds
  2 quokkas
  4 frilled lizards
  2 rats (D:3)
62 creatures vanquished.

Vanquished Creatures (others)
  4 toadstools (D:1)
4 creatures vanquished.

Grand Total: 66 creatures vanquished

Notes
Turn   | Place    | Note
-------+----------+-------------------------------------------
     0 | D:1      | xian the Hill Orc Wanderer began the quest for the Orb.
     0 | D:1      | xian set off with the following items: a +3 spear, a +0
                  | cloak, a scroll of vulnerability, a +0 leather armour.
     0 | D:1      | Reached XP level 1. HP: 22/22 MP: 1/1
    28 | D:1      | Reached skill level 5 in Fighting
   114 | D:1      | Reached XP level 2. HP: 29/29 MP: 2/2
   624 | D:1      | Reached XP level 3. HP: 34/36 MP: 3/3
   713 | D:1      | Found a faded altar of an unknown god.
  1014 | D:2      | Reached skill level 1 in Armour
  1282 | D:2      | Reached XP level 4. HP: 44/44 MP: 4/4
  1353 | D:2      | Found a shimmering altar of Xom.
  1381 | D:2      | Identified the +1 chain mail of Noughts and Crosses {Str+5}
  1487 | D:2      | Noticed Robin
  1502 | D:2      | Killed Robin
  2449 | D:3      | Found a shimmering altar of Xom.
  2563 | D:3      | Reached XP level 5. HP: 50/50 MP: 5/5
  3215 | D:4      | Found a glowing golden altar of the Shining One.
  3229 | Abyss:1  | Cast into level 1 of the Abyss (gnoll)
  3236 | Abyss:1  | Noticed a large abomination
  3243 | Abyss:1  | Found a bloodstained altar of Trog.
  3270 | Abyss:1  | Noticed a small abomination
  3275 | Abyss:1  | Noticed a flying skull
  3276 | Abyss:1  | Noticed a flying skull
  3277 | Abyss:1  | Noticed a thrashing horror
  3280 | Abyss:1  | Noticed a flying skull
  3291 | Abyss:1  | HP: 2/50 [flying skull (5)]
  3294 | Abyss:1  | Slain by a small abomination

Illustrated notes

Levels and vault maps discovered:
D:1:      ldierk_water_garden, layout_rooms, basic_ecumenical_altar
D:2:      layout_loops_ring, basic_altar, hangedman_abyss_or_decor_lesser_grid,
          lightli_corner_chamber, uniq_robin
D:3:      layout_basic, mainiacjoe_overflow_alcove_1, kennysheep_generic_room_12
D:4:      layout_basic, mainiacjoe_overflow_24_doors, minmay_temple_entry_mist,
          ebering_ghost_sewer_f, grunt_ministairs_6, minmay_misc_feat_hallway
Abyss:1:  base: D:3, evilmike_abyss_exit_glass

Skill      XL: |  1  2  3  4  5 |
---------------+----------------+-----
Fighting       | 5 |  5.9
Armour         | 1 2 |  2.0
Polearms       | 4 |  4.7
Dodging        | 2 |  2.0
Stealth        | |  0.3
Evocations     | |  1.0

Action                   |  1- 3 |  4- 6 || total
-------------------------+-------+-------++-------
Melee: Spear             |    95 |    72 ||   167
Throw: Dart              |     1 |       ||     1
  Use: Potion            |       |     7 ||     7
       Scroll            |       |     6 ||     6
Armor: Leather armour    |    21 |       ||    21
       Chain mail        |       |    55 ||    55
Dodge: Dodged            |    59 |    41 ||   100
